Match 45094589
Unlisted

Match 45094589
End
Kettenkrad Recon Vehicle
Selects Terror Battlegroup
Selects Machine Gun Camouflage
Construct Infanterie Kompanie
Grenadier Squad
MG 42 Machine Gun Team
Grenadier Squad
Construct Panzergrenadier Kompanie
Panzergrenadier Squad
Medical Station
Pak 40 Anti-tank Gun Team
Kettenkrad Recon Vehicle
Selects Defend the Fatherland
Pak 40 Anti-tank Gun Team
Panzergrenadier Officer Quarters
Panzergrenadier Squad
Construct Panzer Kompanie
Panzer IV Medium Tank
Selects Interrogate
Selects Propaganda Leaflet Drop
Propaganda Leaflet Drop
Propaganda Leaflet Drop
Medical Bunker
Pioneer Squad
Panzer IV Medium Tank
Evelynn
BlueSkidrow™
nub
FutureNP
0
0

Comments sign in to comment!

No comments posted yet!